 Dungeon Crawl Stone Soup version 0.31-a0-358-gac0dbeb3ab (webtiles) character file.

Game seed: 9106162389416792744

259 AIAndy the Magician (level 6, 0/40 HPs)
             Began as a Djinni Fire Elementalist on July 26, 2023.
             Slain by an adder (1 damage)
             ... on level 5 of the Dungeon.
             The game lasted 00:13:37 (3638 turns).

AIAndy the Magician (Djinni Fire Elementalist)      Turns: 3638, Time: 00:13:40

Health: 0/40       AC:  3    Str:  7    XL:     6   Next: 40%
Gold:   193        EV: 12    Int: 18    God:
                   SH:  0    Dex: 14

rFire   + + .        i - +1 dagger (drain)
rCold   . . .        (no shield)
rNeg    . . .        a - +0 robe
rPois   ∞            (no helmet)
rElec   .            k - +0 cloak
rCorr   .            (no gloves)
SInv    .            (boots unavailable)
Will    .....        (no amulet)
Stlth   ++           C - ring of protection from cold
HPRegen 0.26/turn    (no ring)
MPRegen 0.00/turn

%: infuse magic (-1 HP)
@: about to teleport, flying
A: sickness immunity, fire resistance 2, cold vulnerability 1, float, innate
caster, HP casting, extra vitality 1
a: no special abilities


You were on level 5 of the Dungeon.
You visited 1 branch of the dungeon, and saw 4 of its levels.
You also visited: Sewer.

You collected 193 gold pieces.


Innate Abilities, Weirdness & Mutations

You are immune to sickness and miasma.
You are immune to poison.
Your flesh is very heat resistant. (rF++)
You are vulnerable to cold. (rC-)
You float through the air rather than walking.
You learn spells naturally, not from books.
Your magical power is your life essence.
You have superior vitality. (+4 MHP)


   Skills:
 - Level 2.1 Dodging
 - Level 1.5 Stealth
 + Level 5.3 Spellcasting
 + Level 5.3 Conjurations
 + Level 5.3 Hexes
 + Level 5.3 Summonings
 + Level 5.3 Necromancy
 + Level 5.3 Translocations
 + Level 5.3 Transmutations
 + Level 5.3 Fire Magic
 + Level 5.3 Ice Magic
 + Level 5.3 Air Magic
 + Level 5.3 Earth Magic
 + Level 5.3 Poison Magic


You knew the following spells:

 Your Spells              Type           Power      Damage    Failure   Level
a - Flame Wave            Conj/Fire      24%        2d8       14%         4
f - Inner Flame           Hex/Fire       24%        N/A       4%          3
p - Poisonous Vapours     Pois/Air       48%        N/A       2%          2
z - Sting                 Tmut/Pois      96%        1d7       1%          1
X - Foxfire               Conj/Fire      96%        2x1d8     1%          1
Y - Scorch                Fire           48%        2d7       2%          2
Z - Volatile Blastmotes   Fire/Tloc      48%        2d14      4%          3
Your spell library was empty.

Inventory:

Hand Weapons
 i - a +1 dagger of draining (weapon)
Missiles
 n - a throwing net {=f}
Armour
 a - a +0 robe (worn)
 k - a +0 cloak (worn)
Jewellery
 C - a ring of protection from cold (left hand)
Scrolls
 b - a scroll of teleportation {@r4}
 j - 2 scrolls of revelation {unknown}
 m - 2 scrolls of noise {!r}
 q - a scroll of immolation {unknown}
Potions
 d - a potion of curing {unknown}
 e - a potion of cancellation
 f - a potion of attraction {!q}
 g - a potion of magic {unknown}
 h - a potion of mutation {!q}
 o - 6 potions of enlightenment
 p - 3 potions of haste {unknown}
 r - a potion of invisibility {unknown}

Dungeon Overview and Level Annotations

Branches:
Dungeon (3/15)              Sewer (visited)

Altars:

Shops:
D:3

= #. #.#+#######
#.........#
##.........#
..........#
#........#
#........#
+..@o....#
#...S....# .
#........# ..
#........# ####...
#......o.##.......
#.........+.......
#########.#....#
#.......#
....).)†.......


You could see an orc priest, an adder and an orc.


Message History

* * * LOW HITPOINT WARNING * * *
The orc priest invokes the aid of Beogh against you.
Beogh smites you!
* * * LOW HITPOINT WARNING * * *
You feel less invigorated.
You feel less confused. The adder closely misses you.
The orc priest looks satisfied for a moment.
The adder misses you.
Okay, then.
Okay, then.
You need no library to learn spells.
Unknown command.
Casting: Scorch (safe; 2% risk of failure)
Confirm with . or Enter, or press ? or * to list all spells.
You conjure some foxfire!
* * * LOW HITPOINT WARNING * * *
The adder bites you.
* * * LOW HITPOINT WARNING * * *
The orc priest invokes the aid of Beogh against you.
Beogh smites you!
* * * LOW HITPOINT WARNING * * *
As you read the scroll labelled DEWOAXZOCIEME, it crumbles to dust.
You feel strangely unstable.
It was a scroll of teleportation.
The foxfire hits the orc.
The orc is heavily wounded.
The foxfire hits the adder.
The adder is heavily wounded.
The adder bites you.
You die...

Skill      XL: |  1  2  3  4  5 |
---------------+----------------+-----
Spellcasting   | 4 5 |  5.3
Conjurations   | 4 5 |  5.3
Hexes          | 4 5 |  5.3
Summonings     | 4 5 |  5.3
Necromancy     | 4 5 |  5.3
Translocations | 4 5 |  5.3
Transmutations | 4 5 |  5.3
Fire Magic     | 4 5 |  5.3
Ice Magic      | 4 5 |  5.3
Air Magic      | 4 5 |  5.3
Earth Magic    | 4 5 |  5.3
Poison Magic   | 4 5 |  5.3
Dodging        | |  2.1
Stealth        | |  1.5

Action                     |  1- 3 |  4- 6 || total
---------------------------+-------+-------++-------
   Cast: Foxfire           |    56 |   117 ||   173
         Scorch            |    15 |    32 ||    47
         Sting             |     4 |       ||     4
    Use: Scroll            |       |     7 ||     7
         Potion            |       |     2 ||     2
 Armour: Robe              |     2 |    10 ||    12
  Dodge: Dodged            |     9 |    41 ||    50

Levels and vault maps discovered:
D:1:      saegor_arrival_under_anarchy, layout_basic
D:2:      layout_basic, minmay_misc_feat_cross, kennysheep_generic_room_2
D:3:      layout_loops_ring, vehumet_crystals, serial_shops, shop,
          gup_sewer_entry_spiral
D:5:      minmay_diamond_boxcup, layout_basic, kennysheep_generic_room_5,
          uniq_sigmund, uniq_crazy_yiuf_cottage, uniq_ijyb

Notes
Turn   | Place    | Note
-------+----------+-------------------------------------------
     0 | D:1      | Reached skill level 3 in Spellcasting
     0 | D:1      | Reached skill level 3 in Conjurations
     0 | D:1      | Reached skill level 3 in Hexes
     0 | D:1      | Reached skill level 3 in Summonings
     0 | D:1      | Reached skill level 3 in Necromancy
     0 | D:1      | Reached skill level 3 in Translocations
     0 | D:1      | Reached skill level 3 in Transmutations
     0 | D:1      | Reached skill level 3 in Fire Magic
     0 | D:1      | Reached skill level 3 in Ice Magic
     0 | D:1      | Reached skill level 3 in Air Magic
     0 | D:1      | Reached skill level 3 in Earth Magic
     0 | D:1      | Reached skill level 3 in Poison Magic
     0 | D:1      | AIAndy the Djinni Fire Elementalist began the quest for the
                  | Orb.
     0 | D:1      | AIAndy set off with the following spells memorised:
                  | Foxfire, Scorch, Volatile Blastmotes, Inner Flame, Flame
                  | Wave.
     0 | D:1      | Reached XP level 1. HP: 15/15 MP: 0/0
   162 | D:1      | Reached XP level 2. HP: 20/21 MP: 0/0
   592 | D:1      | Reached XP level 3. HP: 23/25 MP: 0/0
   592 | D:1      | Learned a level 1 spell: Sting
  1360 | D:2      | Reached XP level 4. HP: 26/31 MP: 0/0
  1397 | D:2      | Reached skill level 4 in Spellcasting
  1397 | D:2      | Reached skill level 4 in Conjurations
  1397 | D:2      | Reached skill level 4 in Hexes
  1397 | D:2      | Reached skill level 4 in Summonings
  1397 | D:2      | Reached skill level 4 in Necromancy
  1397 | D:2      | Reached skill level 4 in Translocations
  1397 | D:2      | Reached skill level 4 in Transmutations
  1397 | D:2      | Reached skill level 4 in Fire Magic
  1397 | D:2      | Reached skill level 4 in Ice Magic
  1397 | D:2      | Reached skill level 4 in Air Magic
  1397 | D:2      | Reached skill level 4 in Earth Magic
  1397 | D:2      | Reached skill level 4 in Poison Magic
  2273 | D:3      | Reached XP level 5. HP: 33/35 MP: 0/0
  2273 | D:3      | Learned a level 2 spell: Poisonous Vapours
  2569 | D:3      | Found a glowing drain.
  2573 | Sewer    | Entered a sewer
  3111 | Sewer    | Reached skill level 5 in Spellcasting
  3111 | Sewer    | Reached skill level 5 in Conjurations
  3111 | Sewer    | Reached skill level 5 in Hexes
  3111 | Sewer    | Reached skill level 5 in Summonings
  3111 | Sewer    | Reached skill level 5 in Necromancy
  3111 | Sewer    | Reached skill level 5 in Translocations
  3111 | Sewer    | Reached skill level 5 in Transmutations
  3111 | Sewer    | Reached skill level 5 in Fire Magic
  3111 | Sewer    | Reached skill level 5 in Ice Magic
  3111 | Sewer    | Reached skill level 5 in Air Magic
  3111 | Sewer    | Reached skill level 5 in Earth Magic
  3111 | Sewer    | Reached skill level 5 in Poison Magic
  3115 | Sewer    | Reached XP level 6. HP: 21/40 MP: 0/0
  3540 | D:3      | Found Syvutzepp's Jewellery Boutique.
  3601 | D:3      | You are sucked into a shaft and drop 2 floors!
  3601 | D:5      | Entered Level 5 of the Dungeon
  3622 | D:5      | HP: 3/40 [orc priest/divine providence (11)]
  3637 | D:5      | HP: 1/40 [orc priest/divine providence (10)]
  3638 | D:5      | Slain by an adder

Vanquished Creatures
  12 adders
  4 river rats (Sewer)
  2 worms (D:2)
  3 dart slugs
  5 orcs
  10 endoplasms
  8 giant cockroaches
  6 goblins
  3 hobgoblins
  4 jackals
  9 kobolds
  6 quokkas
  9 ball pythons
  12 bats
  2 frilled lizards (D:3)
  5 rats
100 creatures vanquished.

Vanquished Creatures (collateral kills)
  A foxfire (D:1)
1 creature vanquished.

Vanquished Creatures (others)
  281 foxfires
281 creatures vanquished.

Grand Total: 382 creatures vanquished

Table legend: (Time is in decaauts)
 A = Elapsed time spent in this place.
 B = Non-inter-level travel time spent in this place.
 C = Inter-level travel time spent in this place.
 D = Time resting spent in this place.
 E = Time spent auto-exploring this place.
 F = Levels seen in this place.
 G = Mean time per level.
                   A        B        C        D        E       F      G
               +--------+--------+--------+--------+--------+-----+--------+
         Total |   3635 |   3568 |     67 |      0 |   2822 |   5 |  727.0 |
       Dungeon |   2827 |   2760 |     67 |      0 |   2142 |   4 |  706.8 |
         Sewer |    808 |    808 |      0 |      0 |    680 |   1 |  808.0 |
               +--------+--------+--------+--------+--------+-----+--------+

Top non-repeatable levels by time:
     D:2: 1140 daAuts
     D:1: 1099 daAuts
   Sewer: 808 daAuts
     D:3: 550 daAuts
     D:5: 36 daAuts

Table legend:
 A = Non-vault XP
 B = Vault XP
 C = Vault XP percentage of total XP
 D = Non-vault monster count
 E = Vault monster count
 F = Vault count percentage of total count
                 A         B        C        D         E       F
            +---------+---------+-------+---------+---------+-------
      Total |     174 |     196 |  53.0 |      60 |      40 |  40.0
            +---------+---------+-------+---------+---------+-------
        D:1 |      40 |       0 |   0.0 |      23 |       0 |   0.0
        D:2 |      78 |       8 |   9.3 |      21 |       3 |  12.5
        D:3 |      31 |      37 |  54.4 |      11 |       8 |  42.1
        D:5 |      25 |       0 |   0.0 |       5 |       0 |   0.0
      Sewer |       0 |     151 | 100.0 |       0 |      29 | 100.0
            +---------+---------+-------+---------+---------+-------
